AoeStats
← Zigoto85

African Clearing

510742107Analyzed
4v4 RM · 22h ago on Oct 2, 2026· 19m 5s· 8 players
Game mode
Random Map
Map size
Large (8 player)
Population
200
Speed
Normal
Resources
Standard
Victory
Conquest
Starting age
Dark Age
Ending age
Imperial Age
RankedLock teamsTeams togetherTeam positionsShared explorationLock speedFull tech treeHidden civsTurbo modeCheats
Victory
Defeat
🇨🇳 Maya · China
1398
+12
🇨🇳 Saracens · China
1389
+13
🇨🇳 Vietnamese · China
1273
+18
🇨🇳 Berbers · China
1266
+18
🇫🇷 Huns · France
1335
-16
🇩🇪 Saracens · Germany
1334
-16
🇦🇷 Mongols · Argentina
1307
-15
🇨🇳 Turks · China
1283
-14
Te_Detono_FaciL
4:32 Loom
13:10 Feudal Age
13:48 Double-Bit Axe
16:07 Forging
MrSchnitzel0682
4:46 Loom
13:14 Feudal Age
17:24 Castle Age
Zigoto85
8:10 Loom
14:14 Feudal Age
15:19 Double-Bit Axe
18:29 Castle Age
17:07 Scale Barding Armor
17:13 Forging
17:47 Stone Mining
17:48 Gold Mining
19:34 Bloodlines
19:25 Husbandry
会走位
3:46 Loom
亮刀吧
8:57 Loom
14:25 Feudal Age
18:02 Castle Age
18:33 Double-Bit Axe
18:59 Horse Collar
巨炮叔叔
10:46 Loom
12:51 Feudal Age
13:48 Double-Bit Axe
15:45 Horse Collar
17:26 Fletching
18:19 Padded Archer Armor
Mr.Robin
10:54 Loom
13:15 Feudal Age
15:18 Town Watch
18:05 Castle Age
17:22 Double-Bit Axe
17:22 Horse Collar
19:00 Fletching
Yo win
13:46 Feudal Age
12:58 Loom
17:24 Castle Age
16:54 Forging
17:39 Scale Barding Armor
17:32 Light Cavalry
Connection lost

Rejoining the realm…

Still unreachable

The connection could not be restored.

Session expired

The server has moved on; the page needs a fresh start.